 Dungeon Crawl Stone Soup version 0.29.1-4-g47bece8355 (webtiles) character file.

Game seed: 4269768629491519150

76 CungeonDrawl the Magician (level 4, -1/31 HPs)
             Began as a Djinni Conjurer on Dec 4, 2022.
             Slain by a scorpion (5 damage)
             ... on level 4 of the Dungeon.
             The game lasted 00:11:00 (2638 turns).

CungeonDrawl the Magician (Djinni Conjurer)         Turns: 2638, Time: 00:11:01

Health: -1/31      AC:  3    Str:  6    XL:     4   Next: 57%
Gold:   91         EV: 12    Int: 22    God:
                   SH:  0    Dex: 11

rFire   + + .      SeeInvis .   (no weapon)
rCold   x . .      Faith    .   (no shield)
rNeg    . . .      Spirit   .   a - +0 robe
rPois   ∞          Reflect  .   (no helmet)
rElec   .          Harm     .   l - +0 cloak
rCorr   .          Rampage  .   (no gloves)
Will    .....                   (boots unavailable)
Stlth   ++........              (no amulet)
HPRegen 0.10/turn               (no ring)
MPRegen 0.00/turn               (no ring)

@: flying
A: sickness immunity, fire resistance 2, cold vulnerability 1, float, innate
caster, HP casting, extra vitality 1
a: no special abilities


You were on level 4 of the Dungeon.
You visited 1 branch of the dungeon, and saw 4 of its levels.

You collected 91 gold pieces.

Inventory:

Missiles
 c - a throwing net
Armour
 a - a +0 robe (worn)
 l - a +0 cloak (worn)
Scrolls
 e - a scroll of enchant weapon {unknown}
 f - 2 scrolls of fear
 g - 2 scrolls of torment {unknown}
 h - a scroll of identify
 i - a scroll of immolation {unknown}
 q - a scroll of noise {unknown}
 r - a scroll of teleportation {unknown}
Potions
 b - 2 potions of heal wounds {unknown}
 d - 2 potions of curing {unknown}
 j - a potion of haste {unknown}
 k - a potion of degeneration {unknown}
 m - a potion of attraction {unknown}
 n - a potion of cancellation {unknown}
 o - a potion of mutation {unknown}
 p - a potion of resistance {unknown}


   Skills:
 - Level 2.1 Dodging
 - Level 1.5 Stealth
 * Level 4.5 Spellcasting


You couldn't memorise any spells.
You knew the following spells:

 Your Spells              Type           Power      Damage    Failure   Level
a - Magic Dart            Conj           96%        1d7       1%          1
b - Searing Ray           Conj           48%        2d6       2%          2
c - Dazzling Flash        Conj/Hex       48%        N/A       4%          3
d - Fulminant Prism       Conj/Hex       12%        3d9       17%         4
e - Iskenderun's Mystic   Conj/Tloc      24%        2d7       17%         4
f - Apportation           Tloc           48%        N/A       1%          1
Your spell library was empty.

Dungeon Overview and Level Annotations

Branches:
Dungeon (4/15)
 Temple: D:4-7

Altars:
Fedhas

Annotations:
D:3 1 exclusion, Grinder


Innate Abilities, Weirdness & Mutations

You are immune to sickness and miasma.
You are immune to poison.
Your flesh is very heat resistant. (rF++)
You are vulnerable to cold. (rC-)
You float through the air rather than walking.
You learn spells naturally, not from books.
Your magical power is your life essence.
You have superior vitality. (+4 MHP)


Message History

Grinder comes into view.
Grinder shouts!
Grinder gestures at you.
You suddenly lose the ability to move!
Grinder gestures at you.
You shrug off the repeated paralysis!
Grinder gestures at you.
You barely resist. Grinder gestures at you. Pain shoots through your body!
You can move again.
Press: ? - help, . - travel You can't see that place.
Placed new exclusion.
Unknown command.
Grinder gestures at you. Pain shoots through your body!
You see here a +0 dagger.
A hobgoblin comes into view.
The hobgoblin moves out of view.
The hobgoblin shouts!
There is a stone staircase leading down here.
You fly downwards.
There is a stone staircase leading up here.
The magic dart hits the scorpion but does no damage.
The scorpion stings you.
You are too injured to fight recklessly!
The scorpion stings you. The scorpion attacks as you move away!
The scorpion stings you but does no damage.
Found a stone staircase leading down.
The scorpion attacks as you move away! The scorpion stings you.
* * * LOW HITPOINT WARNING * * *
As you read the scroll labelled VURYOD IMOYNUO, it crumbles to dust.
It is a scroll of identify.
f - 2 scrolls of fear The scorpion stings you.
* * * LOW HITPOINT WARNING * * *
The scorpion stings you.
You die...

#####
##...##
##.....##
##.......#>.
#<.s@.......
#...........
#...........
##..........
##.........
##........
.........
##.###...


You could see a scorpion.

Vanquished Creatures
  An orc wizard (D:3)
  An adder (D:2)
  A worm (D:3)
  2 orcs (D:3)
  6 ball pythons
  3 endoplasms
  A giant cockroach (D:3)
  3 goblins
  4 hobgoblins
  4 kobolds
  A quokka (D:1)
  4 bats
  4 frilled lizards
  3 rats (D:1)
38 creatures vanquished.

Notes
Turn   | Place    | Note
-------+----------+-------------------------------------------
     0 | D:1      | CungeonDrawl the Djinni Conjurer began the quest for the
                  | Orb.
     0 | D:1      | CungeonDrawl set off with the following spells memorised:
                  | Magic Dart, Searing Ray, Dazzling Flash, Fulminant Prism,
                  | Iskenderun's Mystic Blast.
     0 | D:1      | Reached XP level 1. HP: 15/15 MP: 0/0
   312 | D:1      | Reached XP level 2. HP: 20/21 MP: 0/0
   510 | D:1      | Found a faded altar of an unknown god.
  1300 | D:2      | Reached XP level 3. HP: 18/25 MP: 0/0
  1300 | D:2      | Learned a level 1 spell: Apportation
  1390 | D:2      | Reached skill level 4 in Spellcasting
  1466 | D:2      | Found a blossoming altar of Fedhas.
  2457 | D:3      | Reached XP level 4. HP: 29/31 MP: 0/0
  2592 | D:3      | Noticed Grinder
  2592 | D:3      | Paralysed by Grinder for 5 turns
  2633 | D:4      | Noticed a scorpion
  2638 | D:4      | Slain by a scorpion

Illustrated notes

Levels and vault maps discovered:
D:1:      dpeg_arrival_concentric_ovals, layout_basic,
          hellmonk_ecumenical_altar_arch_garden
D:2:      layout_basic, basic_altar
D:3:      layout_basic, uniq_grinder
D:4:      layout_loops_ring, uniq_duvessa, uniq_blork_the_orc

Skill      XL: |  1  2  3 |
---------------+----------+-----
Spellcasting   | 4 |  4.5
Dodging        | |  2.1
Stealth        | |  1.5

Action                   |  1- 3 |  4- 6 || total
-------------------------+-------+-------++-------
 Cast: Magic Dart        |    73 |    11 ||    84
  Use: Scroll            |       |     1 ||     1
Armor: Robe              |     1 |     1 ||     2
Dodge: Dodged            |     7 |       ||     7
